 Dungeon Crawl Stone Soup version 0.15.0-14-g6bbbb5c (console) character file.

13496 gw the Cleaver (level 11, -2/99 (103) HPs)
             Began as a Deep Dwarf Fighter on Sept 5, 2014.
             Was an Elder of Makhleb.
             Slain by an eight-headed hydra (6 damage)
             ... on Level 2 of the Lair of Beasts.
             The game lasted 00:09:10 (10728 turns).

gw the Cleaver (Deep Dwarf Fighter)                Turns: 10728, Time: 00:09:10

HP  -2/99 (103)  AC 20     Str 22      XL: 11   Next: 76%
MP  14/14        EV  8     Int 13      God: Makhleb [****..]
Gold 0           SH  0     Dex 11 (15) Spells:  0 memorised, 10 levels left

rFire  + + .     SeeInvis .     a - +6 battleaxe of Overwhelming Force {chop, Str+3 Int+3}
rCold  . . .     Clarity  .     t - +1 chain mail {rF+}
rNeg   . . .     rCorr    .     (no shield)
rPois  .         rRot     .     (no helmet)
rElec  .         Spirit   .     p - +0 cloak
SustAb .         Warding  .     r - +2 pair of gloves
rMut   .         Stasis   .     v - +2 pair of boots
Gourm  .                        (no amulet)
MR     +....                    k - ring of protection from fire
                                c - +3 ring of slaying

@: non-regenerating, somewhat resistant to hostile enchantments, extremely
unstealthy
A: damage resistance, recharge devices, sense surroundings 2, slow healing 3
a: Device Recharging, Minor Destruction, Lesser Servant of Makhleb, Major
Destruction, Renounce Religion


You were on level 2 of the Lair of Beasts.
You worshipped Makhleb.
Makhleb was greatly pleased with you.
You were not hungry.

You visited 3 branches of the dungeon, and saw 14 of its levels.

Inventory:

Hand weapons
 a - the +6 battleaxe of Overwhelming Force (weapon) {chop, Str+3 Int+3}
   (You took it off a hobgoblin on level 6 of the Dungeon)

   It inflicts extra damage upon your enemies.
   It affects your strength (+3).
   It affects your intelligence (+3).
Missiles
 g - 362 stones
 o - 3 tomahawks (quivered)
Armour
 p - a +0 cloak (worn)
 r - a +2 pair of gloves (worn)
 t - a +1 chain mail of fire resistance (worn)
 v - a +2 pair of boots (worn)
Magical devices
 b - a wand of paralysis (5)
 d - a wand of heal wounds (3)
 w - a wand of cold (6) {unknown}
Comestibles
 f - 6 bread rations
 l - 2 beef jerkies
 m - 6 meat rations
 n - 5 slices of pizza
 s - 13 fruits
Scrolls
 h - 20 scrolls of identify
 q - 4 scrolls of remove curse
 x - a scroll of enchant weapon
Jewellery
 c - a +3 ring of slaying (left hand)
 k - a ring of protection from fire (right hand)
Potions
 e - a potion of restore abilities
 i - 5 potions of curing
 j - a potion of berserk rage {unknown}


   Skills:
 + Level 7.9 Fighting
 * Level 12.2 Axes
 + Level 7.5 Throwing
 + Level 9.3 Armour
   Level 3.2 Shields
 + Level 8.9 Invocations


You had 10 spell levels left.
You didn't know any spells.

Dungeon Overview and Level Annotations

Branches:
Dungeon (11/15)            Temple (1/1) D:6             Orc (0/4) D:10
   Lair (2/8) D:10

Altars:
Ashenzari
Cheibriados
Dithmenos
Elyvilon
Fedhas
Kikubaaqudgha
Makhleb
Nemelex Xobeh
Okawaru
Qazlal
Sif Muna
Trog
Xom
Zin
The Shining One

Shops:
D:6 :   D:7 [

Annotations:
D:1 exclusion: downstairs
D:4 exclusion: downstairs
D:8 exclusion: downstairs


Innate Abilities, Weirdness & Mutations

You are resistant to damage.
You can recharge devices by infusing magical energy.
You passively map the area around you.
You do not heal naturally.


Message History

You enter the shallow water.
Moving in this stuff is going to be slow.
The eight-headed hydra bites you!
The eight-headed hydra bites you but does no damage.
The eight-headed hydra bites you. x2
The eight-headed hydra barely misses you.
The eight-headed hydra bites you.
The eight-headed hydra bites you but does no damage. x2
MOVING TO (-2,1)
The eight-headed hydra closely misses you.
The eight-headed hydra bites you but does no damage.
The eight-headed hydra bites you!
The eight-headed hydra bites you but does no damage. x3
The eight-headed hydra bites you. x2
MOVING TO (-1,2)
You enter the shallow water.
Moving in this stuff is going to be slow.
The eight-headed hydra bites you but does no damage.
The eight-headed hydra bites you! x2
You die...

##..........# * # ,..
##........## ... .
##.......## ,...., , ##
#......#.# ..... .## ###
####...####..$.... ,,
..###.## #...............
.......## ##...............
.#......### ##..D~.~P....~PP.
,
######....###..Pg~~P~~P~PP~~.
#..###......#~P~~~~P~PPPP. ,
#### #.P......~~PP~P~~~~~,,
##.......~PP~PP~~P~~
#.......~P~~P~~~P ,
##.....7P~~~~~~~~
#.....7~~~~~~~ #.....77P~~
~~~~ * ##....7* ~~~ , ,


You could see an eight-headed hydra.

Table legend:
 A = Turns spent in this place as a percentage of turns spent in the entire game.
 B = Non-inter-level travel turns spent in this place as a percentage of non-inter-level travel turns spent in the entire game.
 C = Inter-level travel turns spent in this place as a percentage of turns spent in this place.
 D = Turns resting spent in this place as a percentage of non-inter-level travel turns spent in this place.
 E = Turns spent auto-exploring this place as a percentage of non-inter-level travel turns spent in this place.
 F = Non-inter-level travel turns spent in this place divided by the number of levels of this place that you've seen.
                   A       B       C       D       E      F
               +-------+-------+-------+-------+-------+----------------------
         Total | 100.0 | 100.0 |   6.0 |   0.1 |  12.9 | 307.6
       Dungeon |  84.2 |  83.5 |   6.8 |   0.1 |  12.9 | 327.0
        Temple |   0.5 |   0.6 |   4.0 |   0.0 |  29.2 |  24.0
          Lair |  15.2 |  15.9 |   1.7 |   0.0 |  12.4 | 343.0
               +-------+-------+-------+-------+-------+----------------------

Table legend:
 A = Kills in this place as a percentage of kills in entire the game.
 B = Kills by you in this place as a percentage of kills by you in the entire game.
 C = Kills by friends in this place as a percentage of kills by friends in the entire game.
 D = Other kills in this place as a percentage of other kills in the entire game.
 E = Experience gained in this place as a percentage of experience gained in the entire game.
 F = Experience gained in this place divided by the number of levels of this place that you have seen.
                   A       B       C       D       E      F
               +-------+-------+-------+-------+-------+----------------------
         Total | 100.0 | 100.0 | 100.0 |  -nan | 100.0 | 1377.1
       Dungeon |  84.4 |  85.2 |  66.7 |  -nan |  54.1 | 948.0
          Lair |  15.6 |  14.8 |  33.3 |  -nan |  45.9 | 4426.0
               +-------+-------+-------+-------+-------+----------------------

Vanquished Creatures
  2 hydras
  The ghost of tedric the Basher, an experienced MiBe of Trog (D:8)
  Pikel (D:7)
  A hill giant (D:9)
  A black mamba (Lair:2)
  A smoke demon (Lair:1)
  3 spiny frogs
  A troll (D:10)
  A two-headed ogre (D:10)
  A wraith (D:10)
  14 yaks
  Eustachio (D:4)
  2 hungry ghosts (D:10)
  3 hippogriffs
  2 water moccasins (Lair:2)
  A slave (D:9)
  5 orc warriors
  4 porcupines
  A sky beast (D:6)
  An ice beast (D:9)
  A yellow wasp (D:8)
  7 ogres
  3 phantoms
  A centaur (D:8)
  2 crocodiles (Lair:1)
  7 giant frogs
  2 troll zombies (D:10)
  A wyvern skeleton (D:9)
  3 scorpions
  3 wights (D:6)
  11 killer bees
  A yak skeleton (D:8)
  3 crimson imps
  A quasit (D:4)
  A goliath beetle (D:6)
  A giant frog zombie (D:9)
  2 jellies
  5 hounds
  3 iron imps (D:4)
  8 iguanas
  10 orc wizards
  5 orc priests
  6 worker ants
  3 ogre zombies (D:10)
  A mottled dragon zombie (D:9)
  A hound zombie (D:6)
  2 ogre skeletons
  12 adders
  4 gnolls
  7 green rats
  A giant mite (D:9)
  3 shadow imps
  A white imp (D:4)
  2 adder skeletons (D:5)
  12 giant geckos
  An ooze (D:4)
  23 orcs
  5 ball pythons
  A bat skeleton (D:8)
  A bat zombie (D:6)
  12 hobgoblins
  12 quokkas
  20 bats
  6 giant cockroaches
  2 giant gecko skeletons
  2 giant newts
  4 goblins
  2 goblin zombies (D:10)
  A hobgoblin zombie (D:10)
  12 jackals
  A jackal zombie (D:5)
  19 kobolds
  4 orc skeletons (D:10)
  8 orc zombies (D:10)
  13 rats
  A rat skeleton (D:4)
333 creatures vanquished.

Vanquished Creatures (collateral kills)
  The ghost of gw the Cleaver, a powerful DDFi of Makhleb (Lair:1)
  6 yaks
  A phantom (D:10)
  A centaur (D:10)
  A hound (D:10)
  An ogre zombie (D:10)
  An ufetubus (Lair:2)
  An orc (D:10)
  2 hobgoblin zombies (D:10)
  An orc zombie (D:10)
  A plant (Lair:2)
17 creatures vanquished.

Vanquished Creatures (others)
  An orange demon (Lair:2)
  2 smoke demons
  A ynoxinul (Lair:2)
  A neqoxec (D:10)
  2 quasits (Lair:2)
7 creatures vanquished.

Grand Total: 357 creatures vanquished

Notes
Turn   | Place    | Note
--------------------------------------------------------------
     0 | D:1      | gw, the Deep Dwarf Fighter, began the quest for the Orb.
     0 | D:1      | Reached XP level 1. HP: 20/20 MP: 1/1
   273 | D:1      | Reached XP level 2. HP: 24/27 MP: 2/2
   744 | D:1      | Reached XP level 3. HP: 26/34 MP: 3/3
  1729 | D:3      | Reached XP level 4. HP: 25/42 MP: 4/4
  1734 | D:3      | Reached skill level 1 in Throwing
  1754 | D:3      | Found an iron altar of Okawaru.
  1896 | D:3      | Reached skill level 4 in Axes
  1903 | D:3      | Reached XP level 5. HP: 24/49 MP: 5/5
  2415 | D:3      | Found a snail-covered altar of Cheibriados.
  2422 | D:3      | Found an ancient bone altar of Kikubaaqudgha.
  2920 | D:4      | Noticed Eustachio
  2939 | D:4      | Found a sparkling altar of Nemelex Xobeh.
  3010 | D:4      | Found a glowing silver altar of Zin.
  3019 | D:4      | Found a stormy altar of Qazlal.
  3188 | D:4      | Found a sparkling altar of Nemelex Xobeh.
  3354 | D:4      | Killed Eustachio
  3354 | D:4      | Reached skill level 5 in Axes
  3354 | D:4      | Reached XP level 6. HP: 23/57 MP: 6/6
  3718 | D:5      | Entered Level 5 of the Dungeon
  3769 | D:5      | Found a shadowy altar of Dithmenos.
  3780 | D:5      | Reached XP level 7. HP: 41/64 MP: 7/7
  3783 | D:5      | Reached skill level 6 in Axes
  3891 | D:5      | Reached skill level 5 in Armour
  4107 | D:5      | Reached XP level 8. HP: 27/73 MP: 7/7
  4150 | D:5      | Reached skill level 7 in Axes
  4313 | D:5      | Noticed a troll
  4504 | D:6      | Found a staircase to the Ecumenical Temple.
  4529 | Temple   | Entered the Ecumenical Temple
  4579 | Temple   | Became a worshipper of Makhleb the Destroyer
  4675 | D:7      | Found a glowing golden altar of the Shining One.
  4676 | D:7      | Noticed an angel
  4828 | D:7      | Found a deep blue altar of Sif Muna.
  4841 | D:7      | Found Jesk's Armour Emporium.
  4911 | D:7      | Noticed Pikel
  4948 | D:7      | Killed Pikel
  4948 | D:7      | Reached skill level 5 in Fighting
  5139 | D:6      | Reached skill level 8 in Axes
  5265 | D:6      | Acquired Makhleb's first power
  5289 | D:6      | Gained mutation: You passively map the area around you. [level up]
  5289 | D:6      | Reached XP level 9. HP: 41/81 MP: 10/12
  5561 | D:6      | Found Smiugiah's Book Emporium.
  5632 | D:6      | Got a crystal battleaxe
  5633 | D:6      | Identified the +6 battleaxe of Overwhelming Force {chop, Str+3 Int+3} (You took it off a hobgoblin on level 6 of the Dungeon)
  5765 | D:9      | HP: 3/81 [ogre/giant spiked club (25)]
  5926 | D:9      | Noticed a hill giant
  6006 | D:9      | Killed a hill giant
  6006 | D:9      | Reached skill level 9 in Axes
  6008 | D:9      | Reached skill level 5 in Throwing
  6262 | D:9      | Reached skill level 5 in Invocations
  6285 | D:9      | Acquired Makhleb's second power
  6436 | D:9      | Noticed a hill giant
  6594 | D:8      | Noticed tedric's ghost (experienced MiBe)
  6613 | D:8      | Paralysed by a yellow wasp for 2 turns
  6663 | D:8      | Paralysed by a yellow wasp for 3 turns
  6783 | D:8      | Reached XP level 10. HP: 45/91 MP: 13/13
  7046 | D:8      | Killed tedric's ghost
  7046 | D:8      | Reached skill level 10 in Axes
  7584 | D:8      | Acquired Makhleb's third power
  8053 | D:10     | Entered Level 10 of the Dungeon
  8387 | D:10     | Found a staircase to the Orcish Mines.
  8396 | D:10     | Acquired Makhleb's fourth power
  8850 | D:10     | Found a staircase to the Lair.
  9006 | D:10     | Identified a scroll of acquirement
  9064 | D:10     | Reached skill level 11 in Axes
  9109 | Lair:1   | Entered Level 1 of the Lair of Beasts
  9333 | Lair:1   | Reached XP level 11. HP: 90/96 MP: 16/16
  9491 | Lair:1   | Acquired Makhleb's fifth power
  9608 | Lair:1   | Noticed gw's ghost (powerful DDFi)
  9623 | Lair:1   | Killed gw's ghost
  9664 | Lair:1   | Found a dark tunnel.
  9733 | Lair:1   | Noticed a five-headed hydra
  9769 | Lair:1   | Killed a six-headed hydra
 10235 | Lair:2   | Noticed an eight-headed hydra
 10246 | Lair:2   | Killed a 11-headed hydra
 10478 | Lair:2   | Reached skill level 12 in Axes
 10717 | Lair:2   | Noticed an eight-headed hydra
 10728 | Lair:2   | HP: 4/99 [eight-headed hydra (5)]
 10728 | Lair:2   | Slain by an eight-headed hydra

Action                   |  1- 3 |  4- 6 |  7- 9 | 10-12 || total
-------------------------+-------+-------+-------+-------++-------
Melee: War axe           |   169 |   178 |   129 |       ||   476
       Battleaxe         |       |       |    61 |   223 ||   284
       Broad axe         |       |       |    37 |       ||    37
Throw: Stone             |    73 |   106 |    99 |    12 ||   290
       Javelin           |       |       |     2 |       ||     2
       Tomahawk          |       |       |       |   123 ||   123
Invok: Minor Destruction |       |       |     3 |    14 ||    17
       Lesser Servant of |       |       |       |    11 ||    11
       Major Destruction |       |       |       |     6 ||     6
 Abil: Device Recharging |       |       |     5 |     4 ||     9
Evoke: Wand              |       |     5 |    20 |    15 ||    40
  Use: Scroll            |    11 |     6 |     8 |     4 ||    29
       Potion            |     3 |     3 |     4 |     3 ||    13
  Eat: Chunk             |     3 |     7 |     9 |    13 ||    32
       Bread ration      |       |       |       |     1 ||     1

Vault maps used:
D:1:      dpeg_arrival_tiny_j
D:2:      kennysheep_nondescript, lemuel_another_geyser
D:3:      okawaru_ov_weapons_minmay, minitemple, minmay_misc_feat_cross,
          minmay_misc_feat_x
D:4:      nicolae_overflow_hidden_temple, amethyst_overflow_temple_binary,
          first_bread, hex_large, nemelex_deck, uniq_eustachio
D:5:      hangedman_cross_stitches, lemuel_crystal_altar, basic_altar,
          grunt_ministairs_2
D:6:      minmay_temple_entry_glassed_door, serial_shops, shop
D:7:      grunt_temple_overflow_holy_war, lemuel_crystal_altar, serial_shops,
          shop, uniq_pikel
D:9:      vehumet_statue
D:10:     zombieorc1_lemuel, lair_0_dummy
D:11:     grunt_ogre_cave
Temple:   nicolae_temple_hex_pool
Lair:1:   lightli_volcano_entry_magma_tube, grunt_megastairs_5
Lair:2:   serial_bayou_shore_a, lemuel_fruit_fields
